AoeStats
← vahmetselim

Black Forest

509733031Analyzed
4v4 RM · 5d ago on Sep 27, 2026· 38m 26s· 8 players
Game mode
Random Map
Map size
Large (8 player)
Population
200
Speed
Normal
Resources
Standard
Victory
Conquest
Starting age
Dark Age
Ending age
Imperial Age
RankedLock teamsTeams togetherTeam positionsShared explorationLock speedFull tech treeHidden civsTurbo modeCheats
Victory
Defeat
🇦🇷 Teutons · Argentina
825
+15
🇨🇴 Byzantines · Colombia
811
+15
🇲🇽 Bohemians · Mexico
781
+17
🇧🇷 Tupi · Brazil
777
+17
🇹🇷 Teutons · Türkiye
817
-37
🇹🇷 Mongols · Türkiye
811
-17
🇪🇸 Varangians · Spain
796
-16
🇮🇹 Huns · Italy
756
-14
Harvey_Specter
12:23 Feudal Age
16:55 Castle Age
16:02 Horse Collar
19:14 Loom
20:38 Double-Bit Axe
25:36 Bow Saw
25:29 Heavy Plow
xbarter
0:31 Loom
12:59 Feudal Age
vahmetselim
0:28 Loom
11:25 Feudal Age
12:44 Wheelbarrow
12:01 Double-Bit Axe
13:30 Horse Collar
24:16 Forging
24:07 Scale Mail Armor
24:14 Scale Barding Armor
28:06 Gold Mining
alexgiaco98
0:27 Loom
Eärendil
0:30 Loom
12:19 Feudal Age
12:52 Double-Bit Axe
12:49 Horse Collar
21:10 Castle Age
19:55 Wheelbarrow
22:18 Bow Saw
22:13 Heavy Plow
22:00 Fishing Lines
29:41 Imperial Age
27:32 Hand Cart
27:22 Gillnets
29:44 Fletching
31:00 Chemistry
30:22 Ballistics
29:58 Murder Holes
30:35 Town Watch
31:57 Bodkin Arrow
32:18 Masonry
33:37 Bracer
37:35 Town Patrol
eliasamicone24
0:37 Loom
17:16 Feudal Age
17:49 Double-Bit Axe
20:47 Wheelbarrow
25:45 Bloodlines
26:10 Forging
26:05 Scale Barding Armor
30:47 Castle Age
29:14 Man-at-Arms
30:48 Scale Mail Armor
31:11 Stone Mining
31:13 Gold Mining
33:44 Long Swordsman
34:26 Squires
34:38 Arson
35:32 Iron Casting
Adrian villa
5:03 Loom
12:08 Feudal Age
16:29 Castle Age
15:25 Double-Bit Axe
15:23 Horse Collar
17:30 Bow Saw
18:51 Wheelbarrow
18:33 Heavy Plow
30:27 Imperial Age
30:31 Gold Mining
30:32 Stone Mining
31:53 Gold Shaft Mining
32:04 Forging
31:55 Scale Mail Armor
32:01 Scale Barding Armor
32:34 Hand Cart
33:43 Iron Casting
34:13 Chemistry
34:29 Chain Mail Armor
34:35 Chain Barding Armor
34:12 Cavalier
34:53 Husbandry
36:25 Crop Rotation
35:36 Paladin
37:04 Plate Mail Armor
38:56 Plate Barding Armor
Galo-Cego
0:39 Loom
13:42 Feudal Age
14:14 Double-Bit Axe
14:12 Horse Collar
14:38 Town Watch
20:56 Castle Age
19:25 Champi Runner
22:02 Wheelbarrow
21:44 Arson
22:30 Squires
23:41 Scale Mail Armor
24:24 Forging
24:13 Champi Warrior
26:42 Chain Mail Armor
27:09 Bow Saw
27:00 Heavy Plow
29:45 Iron Casting
31:47 Fletching
31:58 Padded Archer Armor
33:39 Bodkin Arrow
34:00 Leather Archer Armor
34:51 Heavy Plow
Connection lost

Rejoining the realm…

Still unreachable

The connection could not be restored.

Session expired

The server has moved on; the page needs a fresh start.